 Dungeon Crawl Stone Soup version 0.27.1-3-gb3d3a73c9e (webtiles) character file.

Game seed: 11562825374863675135

51 khargal the Skirmisher (level 3, 0/31 HPs)
             Began as a Palentonga Abyssal Knight on Oct 19, 2021.
             Was a Believer of Lugonu.
             Slain by a jelly (1 damage)
             ... on level 2 of the Dungeon.
             The game lasted 00:05:41 (1872 turns).

khargal the Skirmisher (Palentonga Abyssal Knight)  Turns: 1872, Time: 00:05:44

Health: 0/31       AC:  3    Str: 16    XL:     3   Next: 58%
Magic:  4/4        EV:  4    Int: 12    God:    Lugonu [**....]
Gold:   28         SH:  0    Dex:  9    Spells: 2/2 levels left

rFire    . . .     SeeInvis +   a - +1 falchion
rCold    . . .     Faith    .   (no shield)
rNeg     . . .     Spirit   .   j - +0 chain mail
rPois    .         Reflect  .   (no helmet)
rElec    .         Harm     .   (no cloak)
rCorr    .         Rampage  .   (no gloves)
Will     .....                  (no barding)
Stlth    ..........             (no amulet)
HPRegen  0.10/turn              (no ring)
MPRegen  0.09/turn              (no ring)

@: corroded
A: large, rugged brown scales 3, see invisible, deformed body, roll 1, armoured
tail
a: Rolling Charge, Renounce Religion, Depart the Abyss, Bend Space


You were on level 2 of the Dungeon.
You worshipped Lugonu.
Lugonu was pleased with you.
You visited 1 branch of the dungeon, and saw 2 of its levels.
You visited the Abyss 1 time.

You collected 28 gold pieces.

Inventory:

Hand Weapons
 a - a +1 falchion (weapon)
Armour
 b - a +0 leather armour
 j - a +0 chain mail (worn)
Jewellery
 g - a +6 ring of strength
 h - a ring of magical power
Scrolls
 c - a scroll of enchant armour {unknown}
 d - a scroll of amnesia {unknown}
 f - a scroll of noise {unknown}
 i - 2 scrolls of fear {unknown}
 k - a scroll of magic mapping {unknown}
Potions
 e - a potion of attraction {unknown}


   Skills:
 + Level 3.5 Fighting
 * Level 3.0 Long Blades
 + Level 2.0 Armour
 + Level 0.8 Dodging
 + Level 2.3 Invocations


You had 2 spell levels left.
You didn't know any spells.
Your spell library was empty.

Dungeon Overview and Level Annotations

Branches:
Dungeon (2/15)

Altars:


Innate Abilities, Weirdness & Mutations

You are completely covered in rugged brown scales. (AC +3, +7% HP)
You have supernaturally acute eyesight. (SInv)
Armour fits poorly on your strangely shaped body.
You can roll at nearby foes to attack.
You have a long armoured tail.


Message History

No target in view!
Found 8 gold pieces.
You now have 28 gold pieces (gained 8).
A worm comes into view.
A worm is nearby!
A worm is nearby!
A jelly comes into view.
The jelly quivers.
You hit the worm.
The worm is lightly wounded.
You hit the worm.
The worm is lightly wounded.
The worm barely misses you.
You riposte.
You barely miss the worm.
The worm is lightly wounded.
You hit the worm but do no damage.
The worm is lightly wounded.
The worm bites you but does no damage.
You hit the worm. You tail-slap the worm.
The worm is moderately wounded.
The worm bites you.
You hit the worm.
The worm is heavily wounded.
The jelly hits you but does no damage.
You hit the worm.
The worm is severely wounded.
The jelly hits you but does no damage. The worm bites you!
You barely miss the worm.
The worm is heavily wounded.
The jelly hits you but does no damage.
You barely miss the worm.
The worm is heavily wounded.
The jelly hits you but does no damage. The worm bites you.
You hit the worm.
The worm is severely wounded.
The jelly hits you. The acid corrodes you!
You are splashed with acid!
* * * LOW HITPOINT WARNING * * *
The worm bites you.
* * * LOW HITPOINT WARNING * * *
The jelly hits you.
You die...

########################
#.....w@................
#.#...J#########...#####
#.... #...##### .......
#...+.... #.#....
#...##### ....... #...#
....... #...#####
....... #...##...
#...##.##


You could see a worm and a jelly.

Vanquished Creatures
  An adder (D:2)
  A dart slug (D:2)
  5 bats
  6 endoplasms
  A giant cockroach (D:1)
  3 goblins (D:1)
  2 hobgoblins (D:2)
  2 kobolds (D:1)
  4 quokkas (D:1)
  3 ball pythons
  3 frilled lizards (D:1)
  4 rats
35 creatures vanquished.

Notes
Turn   | Place    | Note
-------+----------+-------------------------------------------
     0 | Abyss:1  | khargal the Palentonga Abyssal Knight began the quest for
                  | the Orb.
     0 | Abyss:1  | Reached XP level 1. HP: 19/19 MP: 2/2
   111 | D:1      | Escaped the Abyss
   347 | D:1      | Reached XP level 2. HP: 25/25 MP: 3/3
   561 | D:1      | Reached ** piety under Lugonu
   840 | D:1      | Found a faded altar of an unknown god.
  1293 | D:2      | Reached XP level 3. HP: 27/31 MP: 4/4
  1872 | D:2      | HP: 1/31 [worm (6)]
  1872 | D:2      | Slain by a jelly

Illustrated notes

Levels and vault maps discovered:
D:1:      dpeg_arrival_water_fire, layout_loops_ring,
          chequers_ecumenical_altar_island, minmay_misc_feat_chi,
          grunt_decor_mini_mirrors, minmay_box_of_dots
D:2:      layout_basic

Skill      XL: |  1  2  3 |
---------------+----------+-----
Armour         | 2 |  2.0
Long Blades    | 3 |  3.0
Fighting       | |  3.5
Dodging        | |  0.8
Invocations    | |  2.3

Action                   || total
-------------------------++-------
Melee: Falchion          ||    98
       Tailslap          ||    10
 Abil: Rolling Charge    ||     8
Armor: Leather armour    ||    20
       Chain mail        ||    39
Dodge: Dodged            ||    30
       Rpst.: Falchion   ||    13
